 Dungeon Crawl Stone Soup version 0.29.1-15-g9cfb28693d (webtiles) character file.

Game seed: 14653181676005397427

7 leafyfresh the Sneak (level 2, -1/21 HPs)
             Began as an Octopode Delver on Mar 4, 2023.
             Killed by nerve-wracking pain
             ... invoked by Grinder
              (6 damage)
             ... on level 4 of the Dungeon.
             The game lasted 00:00:44 (157 turns).

leafyfresh the Sneak (Octopode Delver)               Turns: 157, Time: 00:00:44

Health: -1/21      AC:  1    Str: 11    XL:     2   Next: 0%
Magic:  2/2        EV: 13    Int: 12    God:
Gold:   11         SH:  0    Dex: 13    Spells: 1/1 levels left

rFire   . . .      SeeInvis .   a - +0 short sword
rCold   . . .      Faith    .   (no shield)
rNeg    . . .      Spirit   .   (helmet restricted)
rPois   .          Reflect  .   (no amulet)
rElec   .          Harm     .   (no ring)
rCorr   .          Rampage  .   (no ring)
Will    .....                   (no ring)
Stlth   ++++......              (no ring)
HPRegen 0.07/turn               (no ring)
MPRegen 0.08/turn               (no ring)
                                (no ring)
                                (no ring)

@: no status effects
A: almost no armour, amphibious, 8 rings, camouflage 1, gelatinous body 1,
(nimble swimmer 1), tentacles
a: no special abilities


You were on level 4 of the Dungeon.
You visited 1 branch of the dungeon, and saw 2 of its levels.

You collected 11 gold pieces.

Inventory:

Hand Weapons
 a - a +0 short sword (weapon)
Jewellery
 h - a +4 ring of evasion
Wands
 f - a wand of digging (3)
Scrolls
 b - a scroll of fog
 c - a scroll of magic mapping
 d - a scroll of fear
Potions
 e - a potion of haste
 g - a potion of lignification {unknown}


   Skills:
 + Level 3.1 Fighting
 - Level 2.0 Short Blades
 + Level 2.2 Dodging
 + Level 6.8 Stealth


You had one spell level left.
You didn't know any spells.
Your spell library was empty.

Dungeon Overview and Level Annotations

Branches:
Dungeon (5/15)
 Temple: D:4-7

Altars:

Annotations:
D:4 Grinder


Innate Abilities, Weirdness & Mutations

You cannot wear most types of armour.
You are amphibious.
You can wear up to eight rings at the same time.
Your skin changes colour to match your surroundings (Stealth+).
Your rubbery body absorbs attacks. (AC +1, EV +1)
((You are camouflaged when in or above water. (Stealth+)))
You have tentacles for arms and can constrict up to eight enemies at once.


Message History

You squeeze the jackal, but do no damage.
You constrict the jackal. The jackal barely misses you.
You completely miss the jackal.
The jackal is lightly wounded.
You constrict the jackal, but do no damage.
The jackal bites you.
You hit the jackal. You squeeze the jackal.
You kill the jackal!
You have reached level 2!
Key pressed, stopping explore.
No target in view!
HP restored.
You see here a jackal corpse.
You now have 11 gold pieces.
g - a fuming white potion No target in view!
You see here 7 stones.
h - a +4 ring of evasion No target in view!
You open the door.
Grinder comes into view.
There is an open door here.
Grinder is nearby!
Grinder is nearby!
Grinder is nearby!
The helpless Grinder fails to defend herself.
You puncture Grinder! Your grab misses Grinder. You squeeze Grinder.
Grinder is moderately wounded.
Grinder hits you!
Ouch! That really hurt!
You writhe in agony.
* * * LOW HITPOINT WARNING * * *
You hit Grinder. Your grab misses Grinder. Your squeeze misses Grinder.
Grinder is moderately wounded.
Grinder closely misses you.
You barely miss Grinder. Your grab misses Grinder.
Grinder is moderately wounded.
Grinder gestures at you. Pain shoots through your body!
You die...

#
#.#######
#..5....#
#...@...#
#.......#
######'##
#.# #.#
#.# #.###
#...##
###..##


You could see Grinder.

Vanquished Creatures
  A ball python (D:4)
  4 jackals (D:4)
5 creatures vanquished.

Notes
Turn   | Place    | Note
-------+----------+-------------------------------------------
     0 | D:5      | leafyfresh the Octopode Delver began the quest for the Orb.
     0 | D:5      | Reached XP level 1. HP: 16/16 MP: 1/1
    33 | D:4      | Reached XP level 2. HP: 15/21 MP: 2/2
   151 | D:4      | Noticed Grinder
   157 | D:4      | Killed from afar by Grinder

Illustrated notes

Levels and vault maps discovered:
D:4:      layout_basic, uniq_blork_the_orc, uniq_grinder
D:5:      layout_rooms, uniq_pikel, uniq_menkaure

Action                   || total
-------------------------++-------
Melee: Short sword       ||    11
       Tentacles         ||     3
       Constrict         ||     2
 Stab: Sleeping          ||     4
Armor: Skin              ||     1
Dodge: Dodged            ||     4
